 Dungeon Crawl Stone Soup version 0.20.0-15-g7f486f2 (webtiles) character file.

84 Darkins the Slasher (level 4, -1/34 HPs)
             Began as a Human Gladiator on June 20, 2017.
             Slain by an orc wizard
             ... wielding a +0 dagger
              (4 damage)
             ... on level 4 of the Dungeon.
             The game lasted 00:05:27 (1676 turns).

Darkins the Slasher (Human Gladiator)               Turns: 1676, Time: 00:05:28

Health: -1/34      AC:  5    Str: 14    XL:     4   Next: 72%
Magic:  4/4        EV: 13    Int:  9    God:
Gold:   98         SH:  0    Dex: 15    Spells: 3/3 levels left

rFire    . . .     SeeInvis .   a - +0 long sword
rCold    + . .     Gourm    .   (no shield)
rNeg     . . .     Faith    .   b - +0 leather armour
rPois    .         Spirit   .   c - +0 helmet
rElec    .         Reflect  .   (no cloak)
rCorr    +         Harm     .   p - +0 pair of gloves
MR       .....                  (no boots)
Stlth    +.........             (no amulet)
Regen    0.2/turn               s - ring of protection from cold
MPRegen  0.1/turn               w - ring of resist corrosion

@: no status effects
A: no striking features
a: no special abilities


You were on level 4 of the Dungeon.
You were hungry.

You visited 1 branch of the dungeon, and saw 4 of its levels.

You collected 98 gold pieces.

Inventory:

Hand Weapons
 a - a +0 long sword (weapon)
Missiles
 d - 3 throwing nets (quivered)
Armour
 b - a +0 leather armour (worn)
 c - a +0 helmet (worn)
 p - a +0 pair of gloves (worn)
Jewellery
 s - a ring of protection from cold (left hand)
 w - a ring of resist corrosion (right hand)
Scrolls
 i - 2 scrolls of enchant armour {unknown}
 k - 2 scrolls of random uselessness {unknown}
 m - 3 scrolls of amnesia {unknown}
 n - a scroll of fog {unknown}
 q - 2 scrolls of identify {unknown}
 r - a scroll of remove curse {unknown}
 v - a scroll of teleportation {unknown}
Potions
 e - 3 potions of flight {unknown}
 g - a potion of curing {unknown}
 h - a potion of degeneration {unknown}
 l - 2 potions of resistance {unknown}
 o - a potion of lignification {unknown}
Comestibles
 f - a bread ration
 j - 2 meat rations
 t - 4 fruits
 u - a royal jelly


   Skills:
 + Level 2.7 Fighting
 + Level 3.9 Long Blades
 - Level 2.0 Throwing
 + Level 1.6 Armour
 + Level 3.4 Dodging


You had 3 spell levels left.
You didn't know any spells.

Dungeon Overview and Level Annotations

Branches:
Dungeon (4/15)
 Temple: D:4-7

Altars:


Message History

A puff of flame appears from out of thin air!
The puff of flame hits you!
* * * LOW HITPOINT WARNING * * *
Something hits you but does no damage. Something hits you but does no damage.
Something completely misses you. Something hits you.
* * * LOW HITPOINT WARNING * * *
There is a stone staircase leading down here.
Something hits you but does no damage.
You hear some strange, mumbled words.
A magic dart appears from out of thin air!
The magic dart hits you!
* * * LOW HITPOINT WARNING * * *
You climb downwards.
A hound, a giant cockroach and a phantom come into view.
Found four items.
There is a stone staircase leading up here.
You hit something. Something hits you.
You die...

#######
.##.....##
.........##
......(...#
..........#
?W.)...@..#
..........#
..........#
h.........#
.?.........
........####
######...
##s#


You could see a phantom, a hound (sleeping) and a giant cockroach.

Vanquished Creatures
  2 hound skeletons (D:3)
  A worm (D:3)
  3 dart slugs (D:1)
  An orc (D:3)
  3 giant cockroaches
  7 goblins
  5 hobgoblins
  4 jackals (D:2)
  A quokka (D:1)
  A ball python (D:1)
  4 bats
  5 frilled lizards
  A giant cockroach zombie (D:3)
  4 kobolds
  3 rats (D:1)
45 creatures vanquished.

Notes
Turn   | Place    | Note
-------+----------+-------------------------------------------
     0 | D:1      | Darkins the Human Gladiator began the quest for the Orb.
     0 | D:1      | Reached XP level 1. HP: 16/16 MP: 1/1
   242 | D:1      | Reached XP level 2. HP: 22/22 MP: 2/2
   376 | D:1      | Reached XP level 3. HP: 16/28 MP: 3/3
  1306 | D:2      | Reached skill level 1 in Armour
  1548 | D:3      | Reached XP level 4. HP: 34/34 MP: 4/4
  1675 | D:4      | Noticed a phantom
  1676 | D:4      | Slain by an orc wizard

Skill      XL: |  1  2  3 |
---------------+----------+-----
Armour         | 1 |  1.6
Fighting       | |  2.7
Long Blades    | |  3.9
Throwing       | |  2.0
Dodging        | |  3.4

Action                   |  1- 3 |  4- 6 || total
-------------------------+-------+-------++-------
Melee: Long sword        |   102 |    37 ||   139
 Stab: Sleeping          |     1 |       ||     1
  Eat: Chunk             |     1 |     1 ||     2
Armor: Leather armour    |    33 |    15 ||    48
Dodge: Dodged            |    80 |    35 ||   115
       Rpst.: Long sword |    20 |     6 ||    26
